 Dungeon Crawl Stone Soup version 0.26.0-10-g1f06aea511 (webtiles) character file.

Game seed: 12911100162037730788

37 Borgoz the Slasher (level 3, -2/30 HPs)
             Began as a Ghoul Gladiator on Jan 17, 2021.
             Slain by a hobgoblin (3 damage)
             ... led by Robin
             ... on level 2 of the Dungeon.
             The game lasted 00:01:22 (642 turns).

Borgoz the Slasher (Ghoul Gladiator)                 Turns: 642, Time: 00:01:23

Health: -2/30      AC:  4    Str: 17    XL:     3   Next: 41%
Magic:  2/2        EV: 12    Int:  3    God:
Gold:   25         SH:  0    Dex: 11    Spells: 2/2 levels left

rFire    . . .     SeeInvis .   a - +1 long sword
rCold    + . .     Faith    .   (no shield)
rNeg     + + +     Spirit   .   b - +0 leather armour
rPois    ∞         Reflect  .   c - +0 helmet
rElec    .         Harm     .   (no cloak)
rCorr    .         Rampage  .   (no gloves)
Will     .....                  (no boots)
Stlth    +.........             (no amulet)
HPRegen  0.00/turn              (no ring)
MPRegen  0.08/turn              (no ring)

@: no status effects
A: claws 1, cold resistance 1, negative energy resistance 3, inhibited
regeneration, torment resistance, unbreathing
a: no special abilities


You were on level 2 of the Dungeon.
You visited 1 branch of the dungeon, and saw 2 of its levels.

You collected 25 gold pieces.

Inventory:

Hand Weapons
 a - a +1 long sword (weapon)
Missiles
 d - 3 throwing nets (quivered)
Armour
 b - a +0 leather armour (worn)
 c - a +0 helmet (worn)
Scrolls
 h - a scroll of identify


   Skills:
 + Level 2.8 Fighting
 * Level 3.3 Long Blades
 - Level 1.7 Throwing
 + Level 3.0 Dodging


You had 2 spell levels left.
You didn't know any spells.
Your spell library was empty.

Dungeon Overview and Level Annotations

Branches:
Dungeon (1/15)

Altars:
Ru

Annotations:
D:2 Robin


Innate Abilities, Weirdness & Mutations

You thrive by killing the living.
You are immune to poison.
You have sharp fingernails.
Your flesh is cold resistant. (rC+)
You are immune to negative energy. (rN+++)
You do not regenerate when monsters are visible.
You are immune to unholy pain and torment.
You can survive without breathing.


Message History

The goblin barely misses you.
You riposte.
You barely miss the goblin.
The goblin is heavily wounded.
You hit the goblin.
You kill the goblin!
Robin throws the goblin at you! The goblin barely misses you.
You closely miss the goblin. The goblin misses you. The hobgoblin hits you!
* * * LOW HITPOINT WARNING * * *
You closely miss the goblin. The goblin closely misses you.
The hobgoblin hits you but does no damage.
You aren't carrying any potions.
You hit the goblin.
The goblin is severely wounded.
The goblin hits you.
* * * LOW HITPOINT WARNING * * *
The hobgoblin closely misses you.
Okay, then.
You closely miss the goblin.
The goblin is severely wounded.
The goblin misses you. The hobgoblin hits you.
You die...

. #.......# ..#.......# .?. # #.
###.#.......# ..#.# ...
..#.#.......### ..#..
#.####.#............ .....
.....#.#.........# .....
#.##.#.#.........# .....
...#.#.#.###)..#############l....
._.............g@gl..§.§K§§.g....
..)#†#.###########....§§§§##K....
#.##.#.# ####...§.§§§§# #####
.(...#.# #........§§..#
#.####.#######........§.§.#
.......#..........#########
#.######.########## #........#
##########


You could see a hobgoblin (strong), a goblin (strong) and a frilled lizard.

Vanquished Creatures
  A dart slug (D:1)
  A leopard gecko (D:1)
  9 goblins
  6 hobgoblins
  3 jackals (D:1)
  A ball python (D:1)
  2 bats
  2 frilled lizards (D:1)
  3 kobolds
  A rat (D:1)
29 creatures vanquished.

Notes
Turn   | Place    | Note
-------+----------+-------------------------------------------
     0 | D:1      | Borgoz the Ghoul Gladiator began the quest for the Orb.
     0 | D:1      | Reached XP level 1. HP: 17/17 MP: 0/0
   147 | D:1      | Reached XP level 2. HP: 25/25 MP: 1/1
   537 | D:1      | You fall into a shaft and drop 1 floor!
   547 | D:2      | Reached XP level 3. HP: 28/30 MP: 2/2
   566 | D:2      | Found a sacrificial altar of Ru.
   608 | D:2      | Noticed Robin
   641 | D:2      | HP: 1/30 [goblin[Robin] (3)]
   642 | D:2      | Slain by a hobgoblin

Illustrated notes

Levels and vault maps discovered:
D:1:      minmay_arrival_glassed_features, layout_basic, minmay_pentomino_z2
D:2:      layout_basic, nicolae_ru_sacrificial_ziggurat, uniq_robin

Skill      XL: |  1  2  3 |
---------------+----------+-----
Long Blades    | 3 |  3.3
Dodging        | 3 |  3.0
Fighting       | |  2.8
Throwing       | |  1.7

Action                   || total
-------------------------++-------
Melee: Long sword        ||    67
  Use: Scroll            ||     4
       Potion            ||     2
Armor: Leather armour    ||    47
Dodge: Dodged            ||    84
       Rpst.: Long sword ||    23
